 Dungeon Crawl Stone Soup version 0.23-a0-151-gf6d1ed2717 (webtiles) character file.

550 Fandomethor the Shield-Bearer (level 7, 0/44 HPs)
             Began as a Gargoyle Fighter on Sept 7, 2018.
             Slain by a centaur (6 damage)
             ... on level 5 of the Dungeon.
             The game lasted 00:03:47 (3495 turns).

Fandomethor the Shield-Bearer (Gargoyle Fighter)    Turns: 3495, Time: 00:03:47

Health: 0/44       AC: 12    Str: 20    XL:     7   Next: 29%
Magic:  7/7        EV:  8    Int:  8    God:
Gold:   155        SH:  9    Dex: 11    Spells: 6/6 levels left

rFire    . . .     SeeInvis .   a - +0 flail
rCold    . . .     Gourm    .   c - +0 shield
rNeg     + . .     Faith    .   b - +0 scale mail
rPois    ∞         Spirit   .   (no helmet)
rElec    +         Reflect  .   (no cloak)
rCorr    .         Harm     .   (no gloves)
MR       .....                  (no boots)
Stlth    ..........             (no amulet)
HPRegen  0.14/turn              (no ring)
MPRegen  0.10/turn              (no ring)

@: no status effects
A: negative energy resistance 1, electricity resistance, unbreathing,
petrification resistance, rot immunity, AC +4
a: no special abilities


You were on level 5 of the Dungeon.
You were not hungry.

You visited 1 branch of the dungeon, and saw 5 of its levels.

You collected 155 gold pieces.

Inventory:

Hand Weapons
 a - a +0 flail (weapon)
Armour
 b - a +0 scale mail (worn)
 c - a +0 shield (worn)
Scrolls
 g - 4 scrolls of teleportation {unknown}
 i - 5 scrolls of identify {unknown}
 j - 2 scrolls of noise {unknown}
 k - 2 scrolls of enchant armour {unknown}
 l - a scroll of blinking {unknown}
 m - a scroll of enchant weapon {unknown}
 q - a scroll of amnesia {unknown}
 s - 3 scrolls of fog {unknown}
Potions
 d - a potion of might
 e - 2 potions of magic {unknown}
 h - 3 potions of resistance {unknown}
 n - a potion of agility {unknown}
 o - a potion of flight {unknown}
 p - a potion of curing {unknown}
 r - 2 potions of lignification {unknown}
Comestibles
 f - 9 rations


   Skills:
 + Level 4.9 Fighting
 + Level 3.7 Maces & Flails
 + Level 4.9 Armour
 + Level 2.5 Dodging
 + Level 4.9 Shields


You had 6 spell levels left.
You didn't know any spells.
Your spell library contained the following spells:

 Spells                   Type           Power        Failure   Level  Hunger
 Magic Dart               Conj           #...         99%         1    ##.....
 Blink                    Tloc           N/A          100%        2    ###....
 Call Imp                 Summ           #.......     100%        2    ###....
 Slow                     Hex            #.......     100%        2    ###....
 Conjure Flame            Conj/Fire      #.......     100%        3    ####...
 Mephitic Cloud           Conj/Pois/Air  #.......     100%        3    ####...


Dungeon Overview and Level Annotations

Branches:
Dungeon (5/15)
 Temple: D:4-7

Altars:
Zin


Innate Abilities, Weirdness & Mutations

You are resistant to torment.
Your stone body is resilient. (AC +4)
You are immune to poison.
You resist negative energy. (rN+)
You are resistant to electric shocks. (rElec)
You can survive without breathing.
You are immune to petrification.
You are immune to rotting.


Message History

You hit the centaur.
The centaur is lightly wounded.
The centaur hits you.
* * * LOW HITPOINT WARNING * * *
The centaur hits you but does no damage.
You closely miss the centaur.
The centaur is lightly wounded.
The centaur hits you but does no damage. x2
You closely miss the centaur.
The centaur is lightly wounded.
You block the centaur's attack. The centaur closely misses you.
You closely miss the centaur.
The centaur is lightly wounded.
The centaur hits you but does no damage.
You block the centaur's attack.
You hit the centaur.
The centaur is moderately wounded.
The centaur hits you but does no damage.
The centaur hits you.
You die...

# #.# #. #.# #.# #.#
..♣.###.# ........#####
♣...♣.......#
............#########
..>....((.(c@(......########
............##.##..<.<.....#
♣...♣.......##.##.#.######.#
..........(.......#.#
..♣.#......(##.####.#
#.#####.......# #.# ##
#.....#......#
#####.######## .#


You could see a centaur.

Vanquished Creatures
  An ogre (D:4)
  2 scorpions (D:4)
  An orc wizard (D:4)
  5 worker ants
  2 howler monkey zombies (D:5)
  4 adders
  An ooze (D:4)
  An adder skeleton (D:4)
  2 dart slugs
  6 worms
  3 leopard geckos
  6 orcs
  6 giant cockroaches
  6 goblins
  10 hobgoblins
  4 jackals (D:3)
  5 kobolds
  A quokka (D:3)
  7 bats
  2 frilled lizards (D:1)
  A quokka skeleton (D:4)
  6 rats
82 creatures vanquished.

Vanquished Creatures (others)
  Blork the orc (D:5)
1 creature vanquished.

Grand Total: 83 creatures vanquished

Notes
Turn   | Place    | Note
-------+----------+-------------------------------------------
     0 | D:1      | Fandomethor the Gargoyle Fighter began the quest for the
                  | Orb.
     0 | D:1      | Reached XP level 1. HP: 14/14 MP: 1/1
   164 | D:1      | Reached XP level 2. HP: 9/19 MP: 2/2
   481 | D:1      | Reached XP level 3. HP: 23/23 MP: 3/3
   831 | D:2      | Found a glowing silver altar of Zin.
   884 | D:2      | Reached skill level 1 in Dodging
   952 | D:2      | Reached XP level 4. HP: 28/29 MP: 4/4
  1996 | D:3      | Reached XP level 5. HP: 23/33 MP: 5/5
  2853 | D:4      | Noticed an ogre
  2862 | D:4      | Killed an ogre
  2862 | D:4      | Reached XP level 6. HP: 35/39 MP: 6/6
  3257 | D:4      | Reached XP level 7. HP: 35/44 MP: 7/7
  3436 | D:5      | Entered Level 5 of the Dungeon
  3458 | D:5      | Noticed Blork the orc
  3488 | D:5      | Killed Blork the orc
  3495 | D:5      | Slain by a centaur

Vault maps used:
D:1:      dpeg_arrival_stonehenge_8_columns, minmay_door_square
D:2:      lemuel_crystal_altar
D:3:      first_ration
D:5:      cheibrodos_barr_body, lemuel_round_altar, cheibrodos_sewer_entry_bend,
          grunt_ministairs_2, uniq_blork_the_orc, uniq_grinder

Skill      XL: |  1  2  3  4  5 |
---------------+----------------+-----
Dodging        | 1 2 |  2.5
Armour         | 4 |  4.9
Fighting       | 4 |  4.9
Shields        | 4 |  4.9
Maces & Flails | 3 |  3.7

Action                   |  1- 3 |  4- 6 |  7- 9 || total
-------------------------+-------+-------+-------++-------
Melee: Flail             |   126 |   231 |    35 ||   392
  Eat: Chunk             |       |     8 |     1 ||     9
Armor: Scale mail        |    92 |   152 |    22 ||   266
Dodge: Dodged            |    64 |    99 |    10 ||   173
Block: Shield            |   107 |   135 |    23 ||   265

Table legend:
 A = Non-vault XP
 B = Vault XP
 C = Vault XP percentage of total XP
 D = Non-vault monster count
 E = Vault monster count
 F = Vault count percentage of total count
                 A         B        C        D         E       F
            +---------+---------+-------+---------+---------+-------
      Total |     693 |      93 |  11.8 |      81 |       2 |   2.4
            +---------+---------+-------+---------+---------+-------
        D:1 |      37 |       0 |   0.0 |      21 |       0 |   0.0
        D:2 |      63 |       0 |   0.0 |      17 |       0 |   0.0
        D:3 |      78 |       0 |   0.0 |      24 |       0 |   0.0
        D:4 |     465 |       0 |   0.0 |      17 |       0 |   0.0
        D:5 |      50 |      93 |  65.0 |       2 |       2 |  50.0
            +---------+---------+-------+---------+---------+-------
